 Dungeon Crawl Stone Soup version 0.27.1-34-g3ba077fa99 (webtiles) character file.

Game seed: 38284881578627138

30557 Destapler the Slicer (level 13, -2/128 HPs)
             Began as a Troll Berserker on Jan 24, 2022.
             Was a High Priest of Trog.
             Slain by a death yak (13 damage)
             ... on level 5 of the Lair of Beasts.
             The game lasted 00:34:59 (13434 turns).

Destapler the Slicer (Troll Berserker)             Turns: 13434, Time: 00:34:59

Health: -2/128     AC:  7    Str: 28    XL:     13   Next: 21%
Magic:  12/12      EV: 12    Int:  3    God:    Trog [*****.]
Gold:   1004       SH: 15    Dex: 19    Spells: 12/12 levels left

rFire    + . .     SeeInvis +   a - +11 dagger "Ymunlif" {venom, rF+ SInv}
rCold    . . .     Faith    .   c - +4 kite shield {reflect}
rNeg     . . .     Spirit   .   L - +0 troll leather armour
rPois    +         Reflect  +   (helmet restricted)
rElec    +         Harm     .   (no cloak)
rCorr    .         Rampage  .   (gloves unavailable)
Will     ++...                  (boots unavailable)
Stlth    +.........             g - amulet of regeneration
HPRegen  4.31/turn              r - ring "Kevuacku" {rElec rPois}
MPRegen  0.13/turn              B - +6 ring of dexterity

@: about to teleport, strong-willed, regenerating
A: large, unfitting armour, claws 3, regeneration 1, shaggy fur 1, tough skin 1
a: Renounce Religion, Berserk, Trog's Hand, Brothers in Arms


You were on level 5 of the Lair of Beasts.
You worshipped Trog.
Trog was extremely pleased with you.
You visited 2 branches of the dungeon, and saw 16 of its levels.
You also visited: Sewer and Ossuary.

You collected 1004 gold pieces.

Inventory:

Hand Weapons
 a - the +11 dagger "Ymunlif" (weapon) {venom, rF+ SInv}
   (You found it on level 8 of the Dungeon)

   It poisons the flesh of those it strikes.
   rF:        It protects you from fire.
   SInv:      It lets you see invisible.
 H - a +4 spectral broad axe
Missiles
 d - 41 poisoned darts
 E - a throwing net
 G - 2 large rocks (quivered)
Armour
 c - a +4 kite shield of reflection (worn)
 A - a +1 kite shield of fire resistance
 L - a +0 troll leather armour (worn)
Jewellery
 g - an amulet of regeneration (around neck)
 k - a ring of ice
 r - the ring "Kevuacku" (left claw) {rElec rPois}
   (You acquired it on level 6 of the Dungeon)

   [ring of poison resistance]

   rElec:     It insulates you from electricity.
   rPois:     It protects you from poison.
 B - a +6 ring of dexterity (right claw)
 F - a ring of fire
 K - a ring of protection from fire
Wands
 p - a wand of flame (11)
 y - a wand of mindburst (14)
 D - a wand of paralysis (7)
 M - a wand of acid (9)
Scrolls
 i - 13 scrolls of teleportation
 j - 2 scrolls of blinking
 t - 4 scrolls of fog
 u - 3 scrolls of fear
 v - 3 scrolls of amnesia {unknown}
 w - 2 scrolls of torment
 x - 2 scrolls of magic mapping
 z - a scroll of immolation
 C - 2 scrolls of enchant weapon
 J - 9 scrolls of identify
Potions
 b - 2 potions of magic
 e - 3 potions of mutation
 f - 8 potions of curing
 h - a potion of degeneration {unknown}
 l - 4 potions of haste
 m - 2 potions of attraction
 n - a potion of invisibility
 o - 3 potions of berserk rage
 q - 3 potions of lignification
 s - a potion of heal wounds {unknown}
 I - 2 potions of might {unknown}
 N - 9 potions of ambrosia


   Skills:
 + Level 8.4 Fighting
 + Level 10.3 Short Blades
 + Level 6.7 Throwing
 + Level 6.5 Armour
 + Level 6.5 Dodging
 + Level 6.6 Shields
 - Level 3.0 Unarmed Combat
 + Level 5.5 Evocations


You had 12 spell levels left.
You didn't know any spells.
Your spell library contained the following spells:

 Spells                   Type           Power      Damage    Failure   Level
 Ignite Poison            Fire/Tmut/Pois 0%         N/A       98%         3
 Mephitic Cloud           Conj/Pois/Air  0%         N/A       98%         3
 Bolt of Magma            Conj/Fire/Erth 0%         4d4       100%        5


Dungeon Overview and Level Annotations

Branches:
Dungeon (11/15)            Temple (0/1) D:5            Lair (5/6) D:10
 Shoals (0/4) Lair:2        Snake (0/4) Lair:4        Slime (0/5) Lair:5
  Sewer (visited)         Ossuary (visited)
    Orc: D:9-12

Altars:
Ashenzari
Cheibriados
Fedhas
Hepliaklqana
Kikubaaqudgha
Nemelex Xobeh
Okawaru
Sif Muna
Trog
Uskayaw
Xom
Yredelemnul
Zin
Jiyva

Annotations:
Lair:3 1 runed translucent door, kalagan's ghost, journeyman DECj


Innate Abilities, Weirdness & Mutations

You are too large for most types of armour.
You have claws for hands.
Your natural rate of healing is unusually fast.
You are covered in fur. (AC +1)
You have tough skin. (AC +1)


Message History

You kill the death yak!
Trog accepts your kill.
You puncture the death yak!
The death yak is poisoned.
The death yak is lightly wounded.
The death yak gores you!!
* * * LOW HITPOINT WARNING * * *
You puncture the death yak!
The death yak looks as sick as possible!
The death yak is moderately wounded.
You feel the effects of Trog's Hand fading.
You barely miss the death yak.
The death yak is moderately wounded.
The death yak gores you!!
* * * LOW HITPOINT WARNING * * *
You are too injured to fight recklessly!
Your skin crawls.
You feel strong-willed. The death yak gores you!!
* * * LOW HITPOINT WARNING * * *
Okay, then.
As you read the scroll of teleportation, it crumbles to dust.
You feel strangely unstable. You block the death yak's attack.
You hit the death yak.
The death yak looks as sick as possible!
The death yak is heavily wounded.
You hit the death yak.
The death yak looks as sick as possible!
The death yak is heavily wounded.
The death yak gores you!!
* * * LOW HITPOINT WARNING * * *
You barely miss the death yak.
The death yak is heavily wounded.
The death yak gores you.
* * * LOW HITPOINT WARNING * * *
You hit the death yak.
The death yak is heavily wounded.
You barely miss the death yak.
The death yak is heavily wounded.
The death yak gores you!
You die...

#P..## ###.
###.#.#### ####
#.#..##..######..#
#.........##.P...
##...P...........
##................
#.....PP...#.##...
##Y.((...######...
#@#.#+.P## #...
#####..##


#PPP #...Y## #P.. #...P.# ###. ##†..P# ###. #YP### .#P.. ##Y.# #...... #.DP#
....... ##.## #...... You could see a death yak (extremely poisoned).

Vanquished Creatures
  A hydra (Lair:3)
  2 two-headed ogres (D:11)
  4 death yaks (Lair:5)
  A manticore (Lair:2)
  An ugly thing (D:11)
  A cyclops (D:11)
  A molten gargoyle (Lair:1)
  6 cane toads
  An unseen horror (D:10)
  3 rime drakes
  3 komodo dragons
  4 trolls
  A polar bear (Lair:2)
  A queen bee (Lair:1)
  4 blink frogs (Lair:2)
  A wind drake (Lair:2)
  2 hornets
  Prince Ribbit (D:7)
  A shadow (D:10)
  Sigmund (D:5)
  59 yaks
  3 wyverns
  3 basilisks
  5 vampire mosquitoes
  7 water moccasins
  4 orc warriors
  An ice beast (D:6)
  2 black bears (D:5)
  A sky beast (D:7)
  3 ogres
  16 wolves
  5 centaurs
  2 kobold brigands
  A gnoll sergeant (D:6)
  23 scorpions
  6 bullfrogs
  A water moccasin zombie (D:5)
  22 killer bees
  3 electric eels (D:10)
  A lava snake (D:8)
  2 centaur zombies (Ossuary)
  A bullfrog zombie (D:6)
  3 human zombies (Ossuary)
  2 jellies (D:4)
  7 orc priests
  8 hounds
  A centaur skeleton (D:6)
  2 bullfrog skeletons (D:5)
  Jessica (D:3)
  Ijyb (D:5)
  2 iguanas
  8 orc wizards
  3 scorpion zombies (Ossuary)
  Natasha (thrice) (D:3)
  Terence (D:2)
  2 hound zombies (D:5)
  2 hound skeletons (D:4)
  3 mummies (Ossuary)
  A howler monkey zombie (D:7)
  8 gnolls
  A howler monkey skeleton (D:6)
  12 adders
  3 white imps
  An ufetubus (D:5)
  2 dart slugs
  27 orcs
  10 endoplasms
  6 giant cockroaches
  7 goblins
  3 hobgoblins
  7 jackals
  4 quokkas
  7 ball pythons
  4 bats
  6 frilled lizards
  3 goblin zombies (Ossuary)
  2 hobgoblin zombies (Ossuary)
  26 kobolds
  4 kobold zombies (Ossuary)
  An orc zombie (Ossuary)
  4 rats
409 creatures vanquished.

Vanquished Creatures (collateral kills)
  A kobold brigand (D:11)
  3 kobolds (D:11)
4 creatures vanquished.

Vanquished Creatures (others)
  A human (D:8)
  An orc wizard (D:10)
  9 fungi
  18 plants
29 creatures vanquished.

Grand Total: 442 creatures vanquished

Notes
Turn   | Place    | Note
-------+----------+-------------------------------------------
     0 | D:1      | Destapler the Troll Berserker began the quest for the Orb.
     0 | D:1      | Reached XP level 1. HP: 22/22 MP: 0/0
    12 | D:1      | You fall into a shaft and drop 1 floor!
    83 | D:2      | Reached XP level 2. HP: 24/29 MP: 1/1
   151 | D:2      | Noticed Terence
   158 | D:2      | Killed Terence
   159 | D:2      | Reached XP level 3. HP: 36/36 MP: 2/2
   440 | D:1      | Reached skill level 1 in Shields
   488 | D:1      | Reached ** piety under Trog
   489 | D:1      | Reached skill level 1 in Armour
   541 | D:1      | Found a faded altar of an unknown god.
   542 | D:1      | Noticed a great orb of eyes
   547 | D:1      | Noticed a shining eye
   548 | D:1      | Noticed a golden eye
   548 | D:1      | Noticed an eye of devastation
   616 | D:1      | Reached skill level 1 in Throwing
  1170 | D:2      | Reached XP level 4. HP: 44/44 MP: 3/3
  1298 | D:3      | Identified a scroll of acquirement
  1298 | D:3      | Acquired a +1 kite shield of reflection
  1374 | D:3      | Found a glowing drain.
  1390 | D:3      | Noticed Jessica
  1402 | Sewer    | Entered a sewer
  1414 | Sewer    | Reached skill level 1 in Evocations
  1615 | Sewer    | Reached XP level 5. HP: 43/52 MP: 4/4
  1990 | D:3      | Killed Jessica
  2069 | D:3      | Noticed Natasha
  2079 | D:3      | Killed Natasha
  2196 | D:3      | Found a large runed translucent door.
  2196 | D:3      | Found a large runed translucent door.
  2246 | D:3      | Reached XP level 6. HP: 48/61 MP: 5/5
  2429 | D:3      | Noticed Natasha
  2439 | D:3      | Killed Natasha
  2659 | D:3      | Found a bloodstained altar of Trog.
  2668 | D:3      | Found a snail-covered altar of Cheibriados.
  2684 | D:3      | Noticed Natasha
  2690 | D:3      | Killed Natasha
  2818 | D:4      | Reached XP level 7. HP: 67/67 MP: 6/6
  2855 | D:4      | Reached *** piety under Trog
  2919 | D:4      | Identified the +0 leather armour "Iqeor" {Drain Dex+6}
  3154 | D:4      | Found a sand-covered staircase.
  3158 | Ossuary  | Entered an ossuary
  3345 | Ossuary  | Reached XP level 8. HP: 78/78 MP: 7/7
  4029 | D:5      | Entered Level 5 of the Dungeon
  4118 | D:5      | Found a blossoming altar of Fedhas.
  4163 | D:5      | Noticed Sigmund
  4183 | D:5      | Killed Sigmund
  4184 | D:5      | Reached XP level 9. HP: 81/85 MP: 8/8
  4210 | D:5      | Reached **** piety under Trog
  4235 | D:5      | Reached skill level 5 in Shields
  4388 | D:5      | Noticed Ijyb
  4392 | D:5      | Killed Ijyb
  4648 | D:5      | Found a staircase to the Ecumenical Temple.
  4864 | D:6      | Acquired the ring "Kevuacku" {rElec rPois}
  5268 | D:6      | Found a runed translucent door.
  5270 | D:6      | Found a runed translucent door.
  5323 | D:6      | Reached skill level 5 in Dodging
  5359 | D:6      | Reached skill level 5 in Fighting
  5598 | D:7      | Reached XP level 10. HP: 84/96 MP: 9/9
  5665 | D:7      | Noticed Prince Ribbit
  5684 | D:7      | Killed Prince Ribbit
  5685 | D:7      | Reached skill level 5 in Throwing
  6338 | D:8      | Reached ***** piety under Trog
  6367 | D:8      | Found an ancient bone altar of Kikubaaqudgha.
  6474 | D:8      | Found a hide-covered altar of Uskayaw.
  6544 | D:8      | Found a hazy altar of Hepliaklqana.
  6547 | D:8      | Identified the +11 dagger "Ymunlif" {venom, rF+ SInv}
  6644 | D:8      | Received a gift from Trog
  6645 | D:8      | Reached skill level 5 in Armour
  6829 | D:8      | Reached skill level 1 in Short Blades
  7143 | D:8      | Found a broken altar of Ashenzari.
  7143 | D:8      | Found a glowing silver altar of Zin.
  7309 | D:9      | Found a sparkling altar of Nemelex Xobeh.
  7434 | D:9      | Found an iron altar of Okawaru.
  7443 | D:9      | Reached skill level 2 in Short Blades
  7548 | D:9      | Found a basalt altar of Yredelemnul.
  7738 | D:9      | Found a shimmering blue altar of Sif Muna.
  7755 | D:9      | Reached skill level 3 in Short Blades
  7755 | D:9      | Reached XP level 11. HP: 79/105 MP: 10/10
  7943 | D:10     | Entered Level 10 of the Dungeon
  7959 | D:10     | Reached skill level 5 in Evocations
  8034 | D:10     | Reached skill level 4 in Short Blades
  8081 | D:10     | Found a staircase to the Lair.
  8751 | D:11     | Reached skill level 5 in Short Blades
  8869 | D:11     | Noticed a two-headed ogre
  8879 | D:11     | Killed a two-headed ogre
  9006 | D:11     | Noticed a two-headed ogre
  9017 | D:11     | Killed a two-headed ogre
  9018 | D:11     | Reached skill level 6 in Short Blades
  9055 | D:11     | Noticed a green ugly thing
  9059 | D:11     | Killed a green ugly thing
  9272 | Lair:1   | Entered Level 1 of the Lair of Beasts
  9513 | Lair:1   | Reached skill level 7 in Short Blades
  9611 | Lair:1   | Reached XP level 12. HP: 105/119 MP: 11/11
  9874 | Lair:1   | Found a shimmering altar of Xom.
  9960 | Lair:1   | Reached skill level 8 in Short Blades
 10299 | Lair:2   | Received a gift from Trog
 10563 | Lair:2   | Reached skill level 9 in Short Blades
 10618 | Lair:2   | Found a staircase to the Shoals.
 11073 | Lair:3   | Noticed a six-headed hydra
 11151 | Lair:3   | Found a runed translucent door.
 11162 | Lair:3   | Found a shimmering altar of Xom.
 11162 | Lair:3   | Noticed kalagan's ghost (journeyman DECj)
 11284 | Lair:3   | Reached skill level 10 in Short Blades
 11317 | Lair:3   | Killed a six-headed hydra
 12274 | Lair:4   | Found a staircase to the Snake Pit.
 12356 | Lair:4   | Reached XP level 13. HP: 127/127 MP: 12/12
 13270 | Lair:5   | Found a viscous altar of Jiyva.
 13271 | Lair:5   | Found a staircase to the Slime Pits.
 13434 | Lair:5   | Slain by a death yak

Illustrated notes

Levels and vault maps discovered:
D:1:      wander_arrival_estate, layout_basic,
          hellmonk_ecumenical_altar_watching_god
D:2:      layout_loops_cross, uniq_terence
D:3:      layout_loops_ring, jmf_multi_god_temple2, portal_sewer_entry_d,
          corexii_hall_statues_x, uniq_jessica, uniq_natasha
D:4:      layout_basic, lightli_ossuary_entry_decrepit_ruins,
          minmay_stone_trees_medium, skrybe_limestone_x,
          kennysheep_generic_room_5
D:5:      layout_basic, fedhas_altar_4, temple_hall_moat,
          nicolae_underground_beach, uniq_ijyb, uniq_sigmund
D:6:      lemuel_insect_pit, layout_cave_pools
D:7:      layout_loops_ring, patterned_corridor, uniq_prince_ribbit1
D:8:      layout_loops_corners, tgw_kikubaaqudgha, nicolae_uskayaw_suspiria,
          mainiacjoe_overflow_concentric_impassable,
          gammafunk_temple_overflow_statue
D:9:      layout_loops_ring, mainiacjoe_overflow_tiny_flanked,
          okawaru_gym_becter, yredelemnul_altar_generic,
          nicolae_sif_muna_condensation
D:10:     layout_irregular_city, erik_lair_island
D:11:     layout_loops_ring
Lair:1:   layout_gridlike, basic_altar, special_room [special_room_bee]
Lair:2:   beast_lair_carwin_large_1, layout_chaotic_city,
          minmay_shoals_entry_beasts
Lair:3:   layout_small_grid, ebering_ghost_xom, grunt_megastairs_1,
          lemuel_fruit_tree
Lair:4:   layout_layer_cave, dummy_snake_entry, lemuel_fruit_fields
Lair:5:   layout_roguey, slime_altar_1, roderic_batcave

Skill      XL: |  1  2  3  4  5  6  7  8  9 10 11 12 |
---------------+-------------------------------------+-----
Shields        | 1 2 3 4 6 |  6.6
Armour         | 1 2 3 4 5 6 |  6.5
Throwing       | 1 2 3 4 6 |  6.7
Evocations     | 1 2 3 4 5 |  5.5
Dodging        | 3 4 5 6 |  6.5
Fighting       | 3 4 5 6 7 8 |  8.4
Short Blades   | 3 7 10 | 10.3
Unarmed Combat | |  3.0

Action                   |  1- 3 |  4- 6 |  7- 9 | 10-12 | 13-15 || total
-------------------------+-------+-------+-------+-------+-------++-------
Melee: Unarmed           |   104 |   172 |   461 |   126 |       ||   863
       Dagger            |       |       |       |   862 |   137 ||   999
Throw: Dart              |       |       |       |    43 |       ||    43
       Large rock        |       |       |       |     5 |     2 ||     7
Invok: Berserk           |     1 |     1 |     5 |     4 |       ||    11
       Trog's Hand       |       |     3 |     4 |     2 |     2 ||    11
  Use: Scroll            |       |    10 |     9 |     8 |     1 ||    28
 Stab: Sleeping          |     2 |       |       |     1 |       ||     3
Armor: Animal skin       |    39 |    42 |    99 |    27 |       ||   207
       Troll leather arm |       |       |       |    97 |     8 ||   105
Dodge: Dodged            |    56 |    46 |   187 |   360 |     9 ||   658
Block: Kite shield       |       |    83 |   359 |   775 |    36 ||  1253
       Reflection        |       |       |     5 |    16 |       ||    21
